 Dungeon Crawl Stone Soup version 0.19-a0-1254-gb9c29c0 (webtiles) character file.

28 truemonolith the Ducker (level 2, -1/14 HPs)
             Began as a Felid Berserker on Aug 27, 2016.
             Was a Follower of Trog.
             Slain by a giant gecko (2 damage)
             ... on level 1 of the Dungeon.
             The game lasted 00:01:29 (1267 turns).

truemonolith the Ducker (Felid Berserker)           Turns: 1267, Time: 00:01:29

Health: -1/14      AC:  1    Str: 13    XL:     2   Next: 96%
Magic:  3/3        EV: 19    Int:  8    God:    Trog [*.....]
Gold:   32         SH:  0    Dex: 15    Spells: 0 memorised, 1 level left
                                        Lives:  0   Deaths: 0

rFire  . . .     SeeInvis +       - Unarmed
rCold  . . .     Gourm    .     (armour unavailable)
rNeg   . . .     Faith    .     (shield unavailable)
rPois  .         Spirit   .     (helmet unavailable)
rElec  .         Dismiss  .     (cloak unavailable)
rCorr  .         Reflect  .     (gloves unavailable)
MR     .....     Harm     .     (boots unavailable)
Stlth  +++.......               (no amulet)
                                (no ring)
                                (no ring)

@: quick
A: no armour, no weapons or thrown items, claws 1, fangs 3, see invisible,
carnivore 3, speed 1, shaggy fur 1, slow metabolism 1, sharp paws
a: Berserk, Burn Spellbooks, Renounce Religion


You were on level 1 of the Dungeon.
You worshipped Trog.
Trog was aware of your devotion.
You were not hungry.

You visited 1 branch of the dungeon, and saw 1 of its levels.

You collected 32 gold pieces.

Inventory:

Jewellery
 h - an uncursed amulet of the gourmand {unknown}
Scrolls
 c - 2 scrolls of identify {unknown}
Potions
 b - a potion of curing {unknown}
 e - a potion of resistance {unknown}
 f - a potion of cancellation {unknown}
 g - a potion of brilliance {unknown}
Comestibles
 a - 2 meat rations
 d - a slice of pizza


   Skills:
 - Level 3.0 Fighting
 - Level 4.0 Dodging
 + Level 2.7 Stealth
 + Level 3.6 Unarmed Combat


You had one spell level left.
You didn't know any spells.

Dungeon Overview and Level Annotations

Branches:
Dungeon (1/15)

Altars:


Innate Abilities, Weirdness & Mutations

You cannot wear armour.
You are incapable of wielding weapons or throwing items.
You have sharp claws.
You have razor-sharp teeth.
You have supernaturally acute eyesight. (SInv)
You are carnivorous and can eat meat at any time.
You cover ground quickly.
You are covered in fur. (AC +1)
You have a slow metabolism.
Your sharp claws are effective at attacking unaware monsters.


Message History

The hobgoblin hits you with a club.
You closely miss the hobgoblin. The hobgoblin misses you.
You scratch the hobgoblin.
You kill the hobgoblin!
Trog accepts your kill.
You closely miss the giant gecko. The giant gecko bites you.
The giant gecko misses you.
You barely miss the giant gecko. The giant gecko bites you.
* * * LOW HITPOINT WARNING * * *
You closely miss the giant gecko. You bite the giant gecko.
The giant gecko is heavily wounded.
The giant gecko bites you.
* * * LOW HITPOINT WARNING * * *
You closely miss the giant gecko.
The giant gecko is heavily wounded.
The giant gecko misses you.
You scratch the giant gecko.
The giant gecko is heavily wounded.
The giant gecko bites you.
You die...

#...# #.# '...# #.#
#...# #.# #...# #.#
#...# #.# #...# #.# ###
###'####.# ..#####
#.....l@.# #.#...#
#.#.###### #.#...#
#.#... #.#...# #.#####
#.#...####.###########.
......................>
#.#...###......#.#####.
#.#...# #......#.#
#.#)..# #......#.#


You could see a giant gecko.

Vanquished Creatures
  4 bats (D:1)
  A giant cockroach (D:1)
  7 hobgoblins (D:1)
  2 giant newts (D:1)
  2 goblins (D:1)
  3 kobolds (D:1)
  6 rats (D:1)
25 creatures vanquished.

Notes
Turn   | Place    | Note
-------+----------+-------------------------------------------
     0 | D:1      | truemonolith the Felid Berserker began the quest for the Orb.
     0 | D:1      | Reached XP level 1. HP: 10/10 MP: 2/2
   147 | D:1      | Reached skill level 1 in Stealth
   543 | D:1      | Reached XP level 2. HP: 14/14 MP: 3/3
  1267 | D:1      | Slain by a giant gecko

Vault maps used:
D:1:      scummos_arrival_checkerplants

Skill      XL: |  1  2 |
---------------+-------+-----
Stealth        | 1 2 |  2.7
Fighting       | |  3.0
Dodging        | |  4.0
Unarmed Combat | |  3.6

Action                   || total
-------------------------++-------
Melee: Unarmed           ||    57
       Bite              ||     5
 Stab: Sleeping          ||     3
Armor: Skin              ||     3
Dodge: Dodged            ||    64
